 Dungeon Crawl Stone Soup version 0.29-a0-219-g0a02b1cf4f (webtiles) character file.

Game seed: 13908807476932385365

238 bande the Covered (level 6, -5/38 HPs)
             Began as a Gargoyle Fighter on Feb 26, 2022.
             Slain by an ogre
             ... wielding a +0 giant club
              (12 damage)
             ... on level 3 of the Dungeon.
             The game lasted 00:06:27 (3958 turns).

bande the Covered (Gargoyle Fighter)                Turns: 3958, Time: 00:06:28

Health: -5/38      AC: 21    Str: 19    XL:     6   Next: 7%
Magic:  0/6        EV:  9    Int:  9    God:
Gold:   137        SH:  4    Dex: 11    Spells: 5/5 levels left

rFire   . . .      SeeInvis .   a - +0 war axe (protect)
rCold   . . .      Faith    .   c - +0 buckler
rNeg    + . .      Spirit   +   b - +0 scale mail
rPois   ∞          Reflect  .   i - +2 helmet
rElec   +          Harm     .   (no cloak)
rCorr   .          Rampage  .   (no gloves)
Will    .....                   (no boots)
Stlth   ..........              e - amulet of guardian spirit
HPRegen 0.12/turn               (no ring)
MPRegen 0.10/turn               (no ring)

@: under a protective aura
A: sickness immunity, AC +4, negative energy resistance 1, electricity
resistance, torment resistance 1, petrification resistance
a: no special abilities


You were on level 3 of the Dungeon.
You visited 1 branch of the dungeon, and saw 4 of its levels.

You collected 137 gold pieces.

Inventory:

Hand Weapons
 a - a +0 war axe of protection (weapon)
 o - a +0 flail
Armour
 b - a +0 scale mail (worn)
 c - a +0 buckler (worn)
 i - a +2 helmet (worn)
Jewellery
 e - an amulet of guardian spirit (around neck)
 g - a ring of fire
 q - a +6 ring of intelligence
Scrolls
 l - a scroll of identify
 m - 3 scrolls of teleportation
 n - a scroll of brand weapon
Potions
 d - a potion of might
 f - a potion of magic
 h - a potion of heal wounds
 j - a potion of curing
 p - a potion of invisibility


   Skills:
 + Level 4.0 Fighting
 + Level 4.2 Axes
 + Level 4.4 Armour
 + Level 4.0 Shields


You had 5 spell levels left.
You didn't know any spells.
Your spell library contained the following spells:

 Spells                   Type           Power      Damage    Failure   Level
 Freeze                   Ice            0%         1d3       83%         1
 Frozen Ramparts          Ice            0%         1d2       99%         3
 Tukima's Dance           Hex            0%         N/A       99%         3
 Hailstorm                Conj/Ice       0%         3d3       100%        4
 Passage of Golubria      Tloc           0%         N/A       100%        4
 Yara's Violent Unravell  Hex/Tmut       0%         3d3       100%        5


Dungeon Overview and Level Annotations

Branches:
Dungeon (4/15)
 Temple: D:4-7

Altars:
Elyvilon

Annotations:
D:3 Edmund


Innate Abilities, Weirdness & Mutations

You are immune to sickness and miasma.
Your stone body is resilient. (AC +4)
You are immune to poison.
You resist negative energy. (rN+)
You are resistant to electric shocks. (rElec)
You are resistant to unholy torment.
You are immune to petrification.


Message History

You have reached level 6!
Unknown command.
You start resting.
Magic restored.
You start resting.
HP restored.
You start waiting.
Done waiting.
Things that are here:
a +1 halberd of protection; a +0 robe
Things that are here:
a +0 falchion; a +0 robe
There is a stone staircase leading down here.
You climb downwards.
Level annotation: Edmund The ogre shouts!
You hear a shout!
A dart slug comes into view.
Edmund says, "I'm quite good with sums, too."
Edmund closely misses you. The ogre hits you with a +0 giant club!
There is a stone staircase leading up here.
You block the wight's attack. The wight hits you with a +3 scimitar!
Edmund hits you but does no damage. The ogre barely misses you.
You climb upwards.
There is a stone staircase leading down here.
Unknown command.
You closely miss the ogre. You hit the wight but do no damage.
Your weapon exudes an aura of protection.
You hit the wight but do no damage. You hit Edmund.
The wight hits you but does no damage. The wight barely misses you.
Edmund hits you with a +0 flail of protection!
* * * LOW HITPOINT WARNING * * *
The ogre hits you but does no damage.
You hit the ogre.
The ogre is lightly wounded.
You hit the wight. You barely miss the wight. You hit Edmund but do no damage.
The wight hits you with a +0 great sword.
* * * LOW HITPOINT WARNING * * *
You block the wight's attack. Edmund closely misses you.
The wight barely misses you. The ogre hits you with a +0 giant club!
You die...

### ###############.#
................#
###############.# #.#
###.######### #...........#
#############..z.z##.##.#
...............O@.#...#.##
#######.####...[@..._....########
..................#...#.........#
#####...........#.##.##..######.#
# #........##.#........# #.# ##
#........##[######...# #.# .#
#........##.# ##### #.# .##
#........##.# #.# ..#
#.........#.# #.#


You could see Edmund, an ogre and 2 wights.

Vanquished Creatures
  2 wights (D:3)
  Terence (D:2)
  Robin (D:2)
  2 adders
  4 worms
  4 dart slugs
  2 orcs (D:3)
  4 bats
  5 endoplasms
  4 giant cockroaches
  16 goblins
  10 hobgoblins
  3 jackals (D:1)
  5 kobolds
  2 quokkas
  5 ball pythons
  6 frilled lizards
  3 rats
79 creatures vanquished.

Notes
Turn   | Place    | Note
-------+----------+-------------------------------------------
     0 | D:1      | bande the Gargoyle Fighter began the quest for the Orb.
     0 | D:1      | Reached XP level 1. HP: 14/14 MP: 1/1
   205 | D:1      | Reached XP level 2. HP: 11/19 MP: 2/2
   848 | D:1      | Reached XP level 3. HP: 23/23 MP: 3/3
  1416 | D:2      | Noticed Robin
  1436 | D:2      | Killed Robin
  1437 | D:2      | Reached XP level 4. HP: 5/29 MP: 4/4
  1439 | D:2      | HP: 1/29 [goblin/+0 club[Robin] (1)]
  2537 | D:2      | Noticed Terence
  2546 | D:2      | Killed Terence
  2716 | D:2      | Reached XP level 5. HP: 33/33 MP: 5/5
  3455 | D:3      | Found a faded altar of an unknown god.
  3641 | D:3      | Found a white marble altar of Elyvilon.
  3704 | D:4      | Noticed Edmund
  3717 | D:3      | Reached XP level 6. HP: 22/38 MP: 4/6
  3958 | D:3      | Slain by an ogre

Illustrated notes

Levels and vault maps discovered:
D:1:      nzn_arrival_depleted_hourglass, layout_basic, minmay_tromino_i2
D:2:      layout_loops_ring, minmay_misc_feat_encased, uniq_robin, uniq_terence
D:3:      layout_basic, mainiacjoe_overflow_alcove_4,
          ebering_ecumenical_altar_box, kennysheep_generic_room_16
D:4:      layout_rooms, uniq_edmund

Skill      XL: |  1  2  3  4  5 |
---------------+----------------+-----
Axes           | 2 3 4 |  4.2
Armour         | 4 |  4.4
Fighting       | 4 |  4.0
Shields        | 4 |  4.0

Action                   |  1- 3 |  4- 6 || total
-------------------------+-------+-------++-------
Melee: War axe           |   105 |    86 ||   191
  Use: Scroll            |     4 |     8 ||    12
       Potion            |     1 |       ||     1
Armor: Scale mail        |    78 |    57 ||   135
Dodge: Dodged            |    67 |    30 ||    97
Block: Buckler           |    31 |    18 ||    49

Table legend: (Time is in decaauts)
 A = Elapsed time spent in this place.
 B = Non-inter-level travel time spent in this place.
 C = Inter-level travel time spent in this place.
 D = Time resting spent in this place.
 E = Time spent auto-exploring this place.
 F = Levels seen in this place.
 G = Mean time per level.
                   A        B        C        D        E       F      G
               +--------+--------+--------+--------+--------+-----+--------+
         Total |   4025 |   4025 |      0 |   1215 |   2152 |   4 | 1006.2 |
       Dungeon |   4025 |   4025 |      0 |   1215 |   2152 |   4 | 1006.2 |
               +--------+--------+--------+--------+--------+-----+--------+

Top non-repeatable levels by time:
     D:2: 1564 daAuts
     D:1: 1423 daAuts
     D:3: 1032 daAuts
     D:4: 4 daAuts
